 Dungeon Crawl Stone Soup version 0.30.0-5-g1a98f26d00 (webtiles) character file.

Game seed: 12607228625288798120

448 dracfodder the Digger (level 7, 0/36 HPs)
             Began as a Gargoyle Earth Elementalist on May 12, 2023.
             Constricted to death by Ijyb (6 damage)
             ... on level 4 of the Dungeon.
             The game lasted 00:18:14 (4242 turns).

dracfodder the Digger (Gargoyle Earth Elementalist) Turns: 4242, Time: 00:18:16

Health: 0/36       AC:  7    Str: 11    XL:     7   Next: 3%
Magic:  8/13       EV:  9    Int: 18    God:
Gold:   141        SH:  0    Dex: 10    Spells: 10/14 levels left

rFire   . . .        b - +0 whip (heavy)
rCold   + . .        (no shield)
rNeg    + . .        a - +1 robe
rPois   ∞            (no helmet)
rElec   +            (no cloak)
rCorr   .            (no gloves)
SInv    .            (no boots)
Will    .....        (no amulet)
Stlth   ++           j - ring of protection from cold
HPRegen 0.26/turn    (no ring)
MPRegen 0.13/turn

%: no passive effects
@: grasped by roots, constricted
A: sickness immunity, AC +4, negative energy resistance 1, electricity
resistance, torment resistance 1, petrification resistance
a: no special abilities


You were on level 4 of the Dungeon.
You visited 1 branch of the dungeon, and saw 4 of its levels.

You collected 141 gold pieces.

Inventory:

Hand Weapons
 b - a +0 heavy whip (weapon)
 k - a +2 trident of flaming
Armour
 a - a +1 robe (worn)
Jewellery
 j - a ring of protection from cold (left hand)
Wands
 c - a wand of light (4)
 d - a wand of roots (4)
Scrolls
 f - a scroll of amnesia
Potions
 e - a potion of magic
 g - a potion of might
 h - 2 potions of haste
 i - 3 potions of flight {unknown}
 l - a potion of degeneration {unknown}


   Skills:
 + Level 0.3 Fighting
 + Level 2.1 Dodging
 + Level 2.5 Stealth
 + Level 4.3 Spellcasting
 + Level 2.0 Conjurations
 + Level 0.7 Transmutations
 + Level 6.7 Earth Magic


You had 10 spell levels left.
You knew the following spells:

 Your Spells              Type           Power      Damage    Failure   Level
a - Sandblast             Erth           56%        2d13      1%          1
b - Stone Arrow           Conj/Erth      38%        3d9       7%          3

Your spell library contained the following spells:

 Spells                   Type           Power      Damage    Failure   Level
 Passwall                 Tmut/Erth      14%        N/A       4%          2
 Petrify                  Tmut/Erth      17%        N/A       30%         4


Dungeon Overview and Level Annotations

Branches:
Dungeon (4/15)
 Temple: D:4-7

Altars:
Ru

Annotations:
D:4 Ijyb


Innate Abilities, Weirdness & Mutations

You are immune to sickness and miasma.
Your stone body is resilient. (AC +4)
You are immune to poison.
You resist negative energy. (rN+)
You are resistant to electric shocks. (rElec)
You are resistant to unholy torment.
You are immune to petrification.


Message History

A worm comes into view.
Ijyb hits you but does no damage.
Aiming: Sandblast (safe; 1% risk of failure)
Press: ? - help, Q - select action, (/) - cycle Shift-Dir - straight line, f/p - Ijyb
Aim: Ijyb, wielding a +0 club, wearing a +0 ring mail and carrying a wand of roots (6) (heavily wounded, 81% to hit)
The blast of sand misses Ijyb.
Ijyb closely misses you.
You barely miss Ijyb.
Ijyb is heavily wounded.
Ijyb zaps a wand.
The roots erupt in riotous growth!
The grasping roots grab you!
Ijyb is unaffected.
The grasping roots constrict you. Ijyb barely misses you.
The grasping roots constrict you.
You hit Ijyb but do no damage.
Ijyb is heavily wounded.
Ijyb hits you but does no damage. The grasping roots constrict you.
The goblin hits you with a +0 club.
The grasping roots release their grip on you.
You hit Ijyb but do no damage.
Ijyb is heavily wounded.
Ijyb hits you but does no damage. The goblin completely misses you.
Ijyb barely misses you. The goblin hits you but does no damage.
You hit Ijyb.
Ijyb is severely wounded.
Ijyb hits you but does no damage. The goblin hits you with a +0 club.
Ijyb hits you but does no damage. The goblin hits you but does no damage.
You hit Ijyb but do no damage.
Ijyb is severely wounded.
The goblin closely misses you.
Ijyb zaps a wand.
The roots erupt in riotous growth!
The grasping roots grab you!
Ijyb is unaffected.
The goblin is unaffected.
The grasping roots constrict you.
You hit Ijyb.
Ijyb is severely wounded.
Ijyb barely misses you. The grasping roots constrict you.
* * * LOW HITPOINT WARNING * * *
The goblin hits you with a +0 club.
* * * LOW HITPOINT WARNING * * *
Ijyb barely misses you. The grasping roots constrict you.
You die...

> ## .. . . ##.. #.
.##### #..# #g##..#..
#.. .##...#...# #..
....>.....# #.#
.....[...#######g#
#<.g....##@##
####.##.†gw.#
.####)#.#### ..
#.#....##
.#.###.####..#
........####.#########
#.##....##...#.....#
#.##.##............#
#.##.######..<.....#


You could see Ijyb, a worm and a goblin.

Vanquished Creatures
  Grinder (D:3)
  A hound (D:2)
  An iguana (D:4)
  Terence (D:2)
  4 adders
  4 gnolls (D:3)
  An ufetubus (D:4)
  4 worms
  A dart slug (D:1)
  7 ball pythons
  11 endoplasms
  6 giant cockroaches
  7 goblins
  6 hobgoblins
  2 quokkas
  4 bats
  2 frilled lizards (D:1)
  6 kobolds
  7 rats
76 creatures vanquished.

Vanquished Creatures (collateral kills)
  An adder (D:3)
1 creature vanquished.

Grand Total: 77 creatures vanquished

Notes
Turn   | Place    | Note
-------+----------+-------------------------------------------
     0 | D:1      | dracfodder the Gargoyle Earth Elementalist began the quest
                  | for the Orb.
     0 | D:1      | Reached XP level 1. HP: 10/10 MP: 3/3
   493 | D:1      | Reached XP level 2. HP: 15/15 MP: 3/5
   495 | D:1      | Reached skill level 4 in Earth Magic
  1192 | D:1      | Reached XP level 3. HP: 15/19 MP: 0/6
  1249 | D:1      | Learned a level 3 spell: Stone Arrow
  1768 | D:2      | Reached XP level 4. HP: 24/24 MP: 6/8
  1796 | D:2      | Reached skill level 5 in Earth Magic
  1944 | D:2      | Noticed Terence
  1959 | D:2      | Killed Terence
  2045 | D:2      | Reached XP level 5. HP: 24/28 MP: 5/9
  3124 | D:3      | Found a sacrificial altar of Ru.
  3890 | D:4      | Noticed Grinder
  3891 | D:4      | Noticed Ijyb
  3898 | D:3      | Paralysed by Grinder for 5 turns
  3903 | D:3      | Killed Grinder
  3904 | D:3      | Reached skill level 1 in Conjurations
  3904 | D:3      | Reached skill level 6 in Earth Magic
  3904 | D:3      | Reached XP level 6. HP: 7/32 MP: 7/12
  4112 | D:4      | Reached XP level 7. HP: 15/36 MP: 4/13
  4242 | D:4      | Constricted to death by Ijyb

Illustrated notes

Levels and vault maps discovered:
D:1:      nicolae_arrival_somewhat_less_tricky_arrival, layout_loops_ring
D:2:      layout_basic, st_stairs_11, uniq_terence
D:3:      layout_basic, nicolae_ru_the_path_less_chosen
D:4:      layout_rooms, mainiacjoe_overflow_alcove_2,
          minmay_temple_entry_arrows, uniq_grinder, uniq_ijyb

Skill      XL: |  1  2  3  4  5  6 |
---------------+-------------------+-----
Earth Magic    | 4 5 6 |  6.7
Spellcasting   | 3 4 |  4.3
Dodging        | 2 |  2.1
Conjurations   | 1 2 |  2.0
Fighting       | |  0.3
Stealth        | |  2.5
Transmutations | |  0.7

Action                     |  1- 3 |  4- 6 |  7- 9 || total
---------------------------+-------+-------+-------++-------
  Melee: Whip              |    10 |    12 |     7 ||    29
   Cast: Sandblast         |    52 |    50 |     8 ||   110
         Stone Arrow       |       |    16 |     2 ||    18
    Use: Scroll            |     6 |     4 |       ||    10
         Potion            |       |     4 |       ||     4
 Armour: Robe              |    10 |     8 |     8 ||    26
  Dodge: Dodged            |    27 |    25 |    10 ||    62
